 Dungeon Crawl Stone Soup version 0.17.0-57-g0e89251 (webtiles) character file.

1226 JokEr the Cleaver (level 8, -3/78 HPs)
             Began as a Minotaur Berserker on Dec 7, 2015.
             Was an Initiate of Ru.
             Slain by a polar bear (6 damage)
             ... created by the rage of Trog
             ... on level 6 of the Dungeon.
             The game lasted 00:11:21 (5042 turns).

JokEr the Cleaver (Minotaur Berserker)              Turns: 5042, Time: 00:11:21

Health: -3/78      AC:  6    Str: 24    XL:     8   Next: 23%
Magic:  7/7        EV: 10    Int:  4    God:    Ru [......]
Gold:   116        SH:  0    Dex: 10    Spells: 0 memorised, 7 levels left

rFire  x . .     SeeInvis .     a - +0 hand axe
rCold  + . .     Clarity  .     d - +0 scale mail
rNeg   . . .     SustAt   .     (no shield)
rPois  +         Gourm    .     (helmet restricted)
rElec  .         Spirit   .     (no cloak)
rCorr  .         Warding  .     (no gloves)
rMut   .         Stasis   .     (no boots)
MR     .....                    (no amulet)
Stlth  ..........               l - ring of poison resistance
                                g - ring of ice

@: slowed, very slow, not resistant to hostile enchantments, extremely
unstealthy
A: retaliatory headbutt, horns 2
a: Renounce Religion


You were on level 6 of the Dungeon.
You worshipped Ru.
Ru was noncommittal.
You were not hungry.

You visited 1 branch of the dungeon, and saw 6 of its levels.

You collected 210 gold pieces.
You spent 94 gold pieces at shops.

Inventory:

Hand Weapons
 a - a +0 hand axe (weapon)
Armour
 b - a +0 animal skin
 d - a +0 scale mail (worn)
Jewellery
 g - a ring of ice (left hand)
 l - a ring of poison resistance (right hand)
Wands
 k - a wand of slowing (23)
Scrolls
 e - 2 scrolls of random uselessness
 h - 3 scrolls of teleportation
 p - a scroll of enchant weapon
Potions
 c - a potion of cure mutation {unknown}
 f - a potion of poison {unknown}
 n - 2 potions of curing
 q - a potion of heal wounds {unknown}
 r - a potion of magic {unknown}
Comestibles
 j - 2 meat rations
 m - a beef jerky
 o - 2 bread rations


   Skills:
 + Level 9.1 Fighting
 + Level 9.2 Axes
 - Level 2.4 Armour
 - Level 2.1 Dodging


You had 7 spell levels left.
You didn't know any spells.

Dungeon Overview and Level Annotations

Branches:
Dungeon (6/15)             Temple (0/1) D:4

Altars:
Dithmenos
Fedhas
Gozag
Ru

Shops:
D:4 *=*}}   D:6 !


Innate Abilities, Weirdness & Mutations

You reflexively headbutt those who attack you in melee.
You have a pair of horns on your head.


Message History

The black bear claws you but does no damage.
The black bear barely misses you.
The polar bear bites you but does no damage.
The polar bear claws you.
* * * LOW HITPOINT WARNING * * *
The polar bear claws you but does no damage.
The black bear barely misses you. x2
The black bear claws you but does no damage.
The polar bear rages.
The black bear bites you.
* * * LOW HITPOINT WARNING * * *
The black bear claws you but does no damage.
The black bear closely misses you. The polar bear bites you!
* * * LOW HITPOINT WARNING * * *
The polar bear barely misses you.
The polar bear claws you but does no damage.
The polar bear bites you!
* * * LOW HITPOINT WARNING * * *
The polar bear claws you.
You die...

#.### #.#........ ##...
#.#..........#
...#####.#..........#
.........#..........#
.........'..........#
##.......#..........#
##.......#..........#
#........#.......hh.#
#........#......@hh.#
#........#....###hh.#
+...............##h.##
###+####......#..##..##
#.........#.......##..#
#..........##.#....##.#
#..........##.......#.##
#.............#.#.#.#..#
+......#.....#.......#.#


You could see 3 polar bears and 4 black bears.

Vanquished Creatures
  Grinder (D:3)
  Menkaure (D:4)
  Edmund (D:4)
  A centaur (D:5)
  An ogre (D:4)
  2 scorpions
  2 crimson imps (D:5)
  2 orc priests (D:5)
  An orc wizard (D:4)
  A giant frog zombie (D:5)
  A hound (D:4)
  Terence (D:3)
  Natasha (thrice) (D:3)
  4 worker ants
  An iguana (D:5)
  2 adders
  4 gnolls (D:2)
  An ooze (D:3)
  An adder skeleton (D:5)
  5 worms
  2 giant geckos
  10 orcs
  A giant cockroach (D:3)
  5 hobgoblins
  6 jackals
  A quokka (D:2)
  5 ball pythons
  A giant newt (D:3)
  4 goblins
  3 kobolds
  A quokka skeleton (D:5)
  3 rats
78 creatures vanquished.

Notes
Turn   | Place    | Note
--------------------------------------------------------------
     0 | D:1      | JokEr the Minotaur Berserker began the quest for the Orb.
     0 | D:1      | Reached XP level 1. HP: 19/19 MP: 0/0
    12 | D:1      | You fall through a shaft!
   413 | D:2      | Reached skill level 4 in Fighting
   413 | D:2      | Reached XP level 2. HP: 21/27 MP: 1/1
   988 | D:2      | Reached XP level 3. HP: 26/33 MP: 2/2
  1470 | D:2      | Reached skill level 5 in Axes
  1470 | D:2      | Reached XP level 4. HP: 38/41 MP: 3/3
  1637 | D:3      | Noticed Grinder
  1639 | D:3      | Paralysed by Grinder for 7 turns
  1653 | D:3      | Killed Grinder
  1653 | D:3      | Reached skill level 6 in Fighting
  1653 | D:3      | Reached XP level 5. HP: 7/50 MP: 4/4
  1653 | D:3      | Reached XP level 6. HP: 7/57 MP: 5/5
  2379 | D:3      | Noticed Terence
  2382 | D:3      | Noticed Natasha
  2405 | D:3      | Killed Terence
  2405 | D:3      | Reached ** piety under Trog
  2411 | D:3      | Killed Natasha
  2673 | D:3      | Noticed Natasha
  2689 | D:3      | Killed Natasha
  2813 | D:3      | Noticed Natasha
  2816 | D:3      | Killed Natasha
  2859 | D:4      | Found Emulohio's General Store.
  2869 | D:4      | Reached skill level 7 in Axes
  2871 | D:4      | Bought a bread ration for 55 gold pieces
  2872 | D:4      | Found a staircase to the Ecumenical Temple.
  2933 | D:4      | Reached XP level 7. HP: 66/66 MP: 6/6
  2984 | D:4      | Found Pavivvup's Gadget Emporium.
  3041 | D:4      | Noticed Edmund
  3054 | D:4      | Killed Edmund
  3065 | D:4      | Reached skill level 8 in Axes
  3459 | D:4      | Found Vadurhir's Gadget Boutique.
  3511 | D:4      | Found a shadowy altar of Dithmenos.
  3652 | D:4      | Noticed Menkaure
  3662 | D:4      | Killed Menkaure
  3664 | D:4      | Found Xot Woum's Jewellery Boutique.
  3876 | D:4      | Found Votaolucag's General Store.
  3949 | D:5      | Entered Level 5 of the Dungeon
  4259 | D:5      | Reached XP level 8. HP: 64/75 MP: 7/7
  4392 | D:5      | Found a sacrificial altar of Ru.
  4404 | D:5      | Fell from the grace of Trog
  4404 | D:5      | Became a worshipper of Ru the Awakened
  4412 | D:5      | Found a blossoming altar of Fedhas.
  4629 | D:5      | Reached skill level 9 in Axes
  4974 | D:6      | Found an opulent altar of Gozag.
  4986 | D:6      | Found Izodghyf's Distillery.
  4990 | D:6      | Bought a potion of curing for 39 gold pieces
  5040 | D:6      | Noticed a polar bear
  5040 | D:6      | Noticed a polar bear
  5040 | D:6      | Noticed a polar bear
  5042 | D:6      | HP: 3/78 [polar bear[the rage of Trog] (9)]
  5042 | D:6      | Slain by a polar bear

Action                   |  1- 3 |  4- 6 |  7- 9 || total
-------------------------+-------+-------+-------++-------
Melee: Hand axe          |    40 |    78 |   101 ||   219
Invok: Berserk           |     1 |     4 |     2 ||     7
  Use: Scroll            |       |     6 |     3 ||     9
  Eat: Bread ration      |     1 |     1 |     2 ||     4
       Beef jerky        |     1 |       |       ||     1
       Pizza             |       |     1 |       ||     1
